 Dungeon Crawl Stone Soup version 0.28.0-45-g0d030f2227 (webtiles) character file.

Game seed: 10114588356548751709

92 MisterFreud the Poker (level 4, -4/42 HPs)
             Began as a Naga Fighter on May 2, 2022.
             Slain by Natasha (7 damage)
             ... on level 2 of the Dungeon.
             The game lasted 00:02:18 (1750 turns).

MisterFreud the Poker (Naga Fighter)                Turns: 1750, Time: 00:02:18

Health: -4/42      AC:  4    Str: 20    XL:     4   Next: 60%
Magic:  4/4        EV:  7    Int:  8    God:
Gold:   72         SH:  4    Dex: 11    Spells: 3/3 levels left

rFire   + . .      SeeInvis +   a - +0 trident
rCold   . . .      Faith    .   c - +0 buckler
rNeg    . . .      Spirit   .   b - +0 scale mail
rPois   +          Reflect  .   (no helmet)
rElec   .          Harm     +   n - scarf {harm}
rCorr   .          Rampage  .   (no gloves)
Will    .....                   (no barding)
Stlth   ..........              (no amulet)
HPRegen 0.14/turn               g - ring of protection from fire
MPRegen 0.09/turn               (no ring)

@: very slow
A: AC +1, large, see invisible, deformed body, poison resistance, slowness 2,
spit poison 1, naga tail 1
a: Spit Poison


You were on level 2 of the Dungeon.
You visited 1 branch of the dungeon, and saw 2 of its levels.

You collected 72 gold pieces.

Inventory:

Hand Weapons
 a - a +0 trident (weapon)
Armour
 b - a +0 scale mail (worn)
 c - a +0 buckler (worn)
 n - a scarf of harm (worn)
Jewellery
 g - a ring of protection from fire (left hand)
Scrolls
 h - 2 scrolls of amnesia {unknown}
 i - a scroll of enchant armour {unknown}
 j - a scroll of noise {unknown}
 k - a scroll of identify {unknown}
 l - a scroll of torment {unknown}
Potions
 d - a potion of might
 e - 2 potions of mutation {unknown}
 f - a potion of heal wounds {unknown}
 m - a potion of resistance {unknown}


   Skills:
 - Level 3.0 Fighting
 + Level 4.6 Polearms
 - Level 2.4 Armour
 - Level 2.4 Shields


You had 3 spell levels left.
You didn't know any spells.
Your spell library contained the following spells:

 Spells                   Type           Power      Damage    Failure   Level
 Dazzling Flash           Conj/Hex       0%         N/A       99%         3
 Iskenderun's Mystic Bla  Conj/Tloc      0%         2d3       100%        4


Dungeon Overview and Level Annotations

Branches:
Dungeon (2/15)

Altars:

Shops:
D:1 *

Annotations:
D:2 Natasha


Innate Abilities, Weirdness & Mutations

Your serpentine skin is tough. (AC +1)
You have supernaturally acute eyesight. (SInv)
Armour fits poorly on your strangely shaped body.
Your system is resistant to poisons. (rPois)
You cover ground very slowly.
You can spit poison.
You have a snake-like lower body.


Message History

You hit Natasha but do no damage.
Natasha is moderately wounded.
Natasha claws you.
You puncture Natasha!
Natasha is almost dead.
Natasha mumbles some strange words.
You closely miss Natasha.
Natasha is almost dead.
Natasha claws you. The white imp completely misses you.
You barely miss Natasha.
Natasha is almost dead.
Natasha barely misses you. The white imp hits you. The white imp freezes you.
You puncture Natasha!
You kill Natasha!
Natasha screams in fury as she dies!
The white imp disappears in a puff of smoke!
Natasha, Servant of Life and Death comes into view.
Natasha is nearby!
Natasha extends her claws.
Natasha mumbles some strange words.
Natasha shimmers violently.
Natasha casts a spell at you. The magic dart hits you.
* * * LOW HITPOINT WARNING * * *
Okay, then.
Unknown command.
Unknown command.
You hit Natasha.
Natasha is moderately wounded.
Natasha claws you.
* * * LOW HITPOINT WARNING * * *
You hit Natasha.
Natasha is severely wounded.
Natasha extends her claws.
Natasha claws you.
* * * LOW HITPOINT WARNING * * *
You barely miss Natasha.
Natasha is severely wounded.
Natasha claws you.
You die...

. .. ##### ###... ##
...##...... #.
#####.......#
###.#############.......#
.#..............@h.#######
.............############
#####...................###
....†........##########...#
.#####.......####......#.##
## #............####...# #
#.......###..<# ##.##
#........# ###.####.##
........### #.......#


You could see Natasha.

Vanquished Creatures
  Natasha (D:2)
  2 adders (D:2)
  A worm (D:2)
  2 bats (D:1)
  An endoplasm (D:1)
  2 giant cockroaches (D:1)
  2 goblins (D:1)
  7 hobgoblins
  8 jackals
  4 quokkas
  3 frilled lizards
  7 kobolds
  3 rats
43 creatures vanquished.

Vanquished Creatures (others)
  2 fungi (D:1)
2 creatures vanquished.

Grand Total: 45 creatures vanquished

Notes
Turn   | Place    | Note
-------+----------+-------------------------------------------
     0 | D:1      | MisterFreud the Naga Fighter began the quest for the Orb.
     0 | D:1      | Reached XP level 1. HP: 21/21 MP: 1/1
    46 | D:1      | Found a faded altar of an unknown god.
   218 | D:1      | Reached XP level 2. HP: 21/28 MP: 2/2
   375 | D:1      | Reached skill level 3 in Polearms
   666 | D:1      | Reached XP level 3. HP: 16/34 MP: 3/3
  1006 | D:1      | Found Fialenta's General Store.
  1292 | D:2      | Reached skill level 4 in Polearms
  1316 | D:2      | Reached XP level 4. HP: 21/42 MP: 4/4
  1656 | D:2      | Got Cottif's Grimoire of Excruciating Curses
  1714 | D:2      | Noticed Natasha
  1723 | D:2      | Killed Natasha
  1739 | D:2      | Noticed Natasha
  1750 | D:2      | Slain by Natasha

Illustrated notes

Levels and vault maps discovered:
D:1:      ncdulo_halloftheorcs, layout_loops_ring, serial_shops,
          nicolae_shop_hallway_plus, shapermc_ecumenical_altar_ellora,
          minmay_tripent
D:2:      layout_rooms, uniq_natasha

Skill      XL: |  1  2  3 |
---------------+----------+-----
Polearms       | 3 4 |  4.6
Fighting       | |  3.0
Armour         | |  2.4
Shields        | |  2.4

Action                   |  1- 3 |  4- 6 || total
-------------------------+-------+-------++-------
Melee: Trident           |   134 |    36 ||   170
Armor: Scale mail        |    76 |    10 ||    86
Dodge: Dodged            |    63 |     6 ||    69
Block: Buckler           |    26 |     3 ||    29
